 Dungeon Crawl Stone Soup version 0.29.1-2-gbd0b4ee654 (webtiles) character file.

Game seed: 8519343698646231671

13 BreadTh the Sneak (level 2, 15/15 HPs)
             Began as a Kobold Enchanter on Oct 28, 2022.
             Quit the game on level 1 of the Dungeon.
             The game lasted 00:01:53 (519 turns).

BreadTh the Sneak (Kobold Enchanter)                 Turns: 519, Time: 00:01:53

Health: 15/15      AC:  4    Str:  5    XL:     2   Next: 50%
Magic:  5/5        EV: 14    Int: 16    God:
Gold:   16         SH:  0    Dex: 15    Spells: 5/5 levels left

rFire   . . .      SeeInvis .   a - +1 dagger
rCold   . . .      Faith    .   (no shield)
rNeg    . . .      Spirit   .   i - +0 leather armour
rPois   .          Reflect  .   e - +0 helmet
rElec   .          Harm     .   (no cloak)
rCorr   .          Rampage  .   (no gloves)
Will    .....                   (no boots)
Stlth   +++.......              (no amulet)
HPRegen 0.05/turn               (no ring)
MPRegen 0.09/turn               (no ring)

@: no status effects
A: small, no large weapons, nightstalker 3
a: no special abilities


You were on level 1 of the Dungeon.
You visited 1 branch of the dungeon, and saw 1 of its levels.

You collected 16 gold pieces.

Inventory:

Hand Weapons
 a - a +1 dagger (weapon)
Missiles
 h - 3 poisoned darts (quivered)
Armour
 e - a +0 helmet (worn)
 i - a +0 leather armour (worn)
Scrolls
 d - 4 scrolls of identify {unknown}
 f - 3 scrolls of teleportation {unknown}
 g - a scroll of amnesia {unknown}
Potions
 c - 2 potions of invisibility


   Skills:
 + Level 1.8 Short Blades
 + Level 2.7 Dodging
 + Level 4.2 Stealth
 + Level 2.3 Spellcasting
 + Level 3.1 Hexes


You had 5 spell levels left.
You didn't know any spells.
Your spell library contained the following spells:

 Spells                   Type           Power      Damage    Failure   Level
 Ensorcelled Hibernation  Hex/Ice        12%        N/A       26%         2
 Confusing Touch          Hex            12%        N/A       26%         3
 Tukima's Dance           Hex            12%        N/A       26%         3
 Dazzling Flash           Conj/Hex       12%        N/A       45%         3


Dungeon Overview and Level Annotations

Branches:
Dungeon (1/15)

Altars:


Innate Abilities, Weirdness & Mutations

You are small and have problems with some larger weapons.
You are completely attuned to the shadows.


Message History

Found a leather armour.
Found 6 stones.
You see here a +0 leather armour.
i - a +0 leather armour You start removing your armour.
You continue taking off your +0 robe. x4
You finish taking off your +0 robe.
You start putting on your armour.
You continue putting on your +0 leather armour. x5
You finish putting on your +0 leather armour.
Unknown command.
You drop a +0 robe.
Search for what [Enter for "arrow", or ? for help]?
Can't find anything matching that.
Search for what [Enter for "arrow", or ? for help]? .
Search for what [Enter for "."]? .
You see here 6 stones.
You open the door.
There is an open door here.
You now have 16 gold pieces (gained 3).
You open the door.
There is an open door here.
You open the door.
There is an open door here.
A hobgoblin comes into view.
You see here a scroll labelled QUM REUZEIKKIN.
f - 3 scrolls labelled QUM REUZEIKKIN (gained 1)
The hobgoblin shouts!
You closely miss the hobgoblin. The hobgoblin closely misses you.
You hit the hobgoblin but do no damage.
The hobgoblin hits you but does no damage.
You hit the hobgoblin.
The hobgoblin is severely wounded.
The hobgoblin misses you.
You hit the hobgoblin.
You kill the hobgoblin!
Unknown command.
Unknown command.
Are you sure you want to abandon this character and quit the game? (Confirm with "yes".)
Okay, then.
Are you sure you want to abandon this character and quit the game? (Confirm with "yes".)

#####
##...#.#
#......#
#.......
#.@....#
##...##
## ##.##
#. #.#
#. #.# #
#.# #.#
#.# #.#


There were no monsters in sight!

Vanquished Creatures
  2 dart slugs (D:1)
  A ball python (D:1)
  An endoplasm (D:1)
  A giant cockroach (D:1)
  A hobgoblin (D:1)
  A quokka (D:1)
  A frilled lizard (D:1)
8 creatures vanquished.

Notes
Turn   | Place    | Note
-------+----------+-------------------------------------------
     0 | D:1      | BreadTh the Kobold Enchanter began the quest for the Orb.
     0 | D:1      | Reached XP level 1. HP: 10/10 MP: 3/3
   169 | D:1      | Reached XP level 2. HP: 15/15 MP: 5/5
   519 | D:1      | Quit the game

Illustrated notes

Levels and vault maps discovered:
D:1:      beargit_arrival_diablo_church, layout_loops_ring, minmay_box_of_dots

Action                   || total
-------------------------++-------
Melee: Dagger            ||    12
 Stab: Sleeping          ||     6
Armor: Leather armour    ||     1
Dodge: Dodged            ||     3
